 Dungeon Crawl Stone Soup version 0.26.1-11-gd32895ea62 (webtiles) character file.

Game seed: 14754414966569222120

30039 Almogavar the Archer (level 13, 0/178 HPs)
             Began as a Minotaur Berserker on Apr 18, 2021.
             Was a High Priest of Trog.
             Slain by a boulder beetle (22 damage)
             ... on level 3 of the Lair of Beasts on Apr 19, 2021.
             The game lasted 00:51:54 (18329 turns).

Almogavar the Archer (Minotaur Berserker)          Turns: 18329, Time: 00:51:55

Health: 0/178      AC: 30    Str: 27    XL:     13   Next: 18%
Magic:  21/21      EV: 12    Int:  4    God:    Trog [*****.]
Gold:   1437       SH:  0    Dex: 18    Spells: 12/12 levels left

rFire    . . .     SeeInvis .   G - +2 dire flail (protect)
rCold    + . .     Faith    .   (shield currently unavailable)
rNeg     . . .     Spirit   .   k - +1 chain mail of Dohec {MP+9 Dex+2}
rPois    .         Reflect  .   (helmet restricted)
rElec    .         Harm     .   z - +2 cloak {rCorr}
rCorr    +         Rampage  .   b - +2 pair of gloves {archery}
Will     .....                  v - +2 pair of boots
Stlth    ..........             (no amulet)
HPRegen  0.39/turn              p - ring of protection from cold
MPRegen  0.17/turn              H - +6 ring of dexterity

@: berserking, protection aura, very quick
A: retaliatory headbutt, horns 2
a: Renounce Religion, Berserk, Trog's Hand, Brothers in Arms


You were on level 3 of the Lair of Beasts.
You worshipped Trog.
Trog was extremely pleased with you.
You visited 3 branches of the dungeon, and saw 15 of its levels.
You also visited: Bailey.

You collected 1587 gold pieces.
You spent 150 gold pieces at shops.

Inventory:

Hand Weapons
 a - a +1 demon blade of electrocution
 t - a +2 double sword
 w - a +2 shortbow of freezing
 G - a +2 dire flail of protection (weapon)
Missiles
 c - 128 arrows
 g - 19 sling bullets
Armour
 b - a +2 pair of gloves of archery (worn)
 k - the +1 chain mail of Dohec (worn) {MP+9 Dex+2}
   (You found it in a bailey)

   It affects your dexterity (+2).
   It affects your magic capacity (+9).
 v - a +2 pair of boots (worn)
 y - a +0 kite shield
 z - a +2 cloak of preservation (worn)
 B - a +0 plate armour
Jewellery
 p - a ring of protection from cold (left hand)
 C - an uncursed ring of fire
 H - a +6 ring of dexterity (right hand)
Wands
 l - a wand of paralysis (26)
 n - a wand of random effects (8)
 K - a wand of iceblast (8)
 L - a wand of acid (7)
Scrolls
 e - 3 scrolls of teleportation
 f - 2 scrolls of magic mapping
 i - 4 scrolls of enchant weapon
 j - 4 scrolls of identify
 o - 11 scrolls of remove curse
 q - a scroll of fog
 u - a scroll of blinking
 J - a scroll of enchant armour
 M - a scroll of summoning
Potions
 d - 2 potions of flight
 h - 2 potions of cancellation
 m - 6 potions of curing
 s - 2 potions of might
 x - a potion of resistance
 E - 3 potions of haste
 F - 2 potions of invisibility


   Skills:
 + Level 12.5 Fighting
 + Level 12.4 Long Blades
 + Level 0.8 Maces & Flails
 - Level 0.6 Slings
 - Level 14.7 Bows
 + Level 11.2 Armour
 + Level 5.2 Dodging
 + Level 1.3 Stealth


You had 12 spell levels left.
You didn't know any spells.
Your spell library was empty.

Dungeon Overview and Level Annotations

Branches:
Dungeon (10/15)            Temple (0/1) D:5            Lair (3/6) D:10
    Orc (2/2) D:10            Elf (0/3) Orc:2        Bailey (visited)
  Swamp: Lair:2-4    Shoals: Lair:2-4     Snake: Lair:2-4    Spider: Lair:2-4

Altars:
Cheibriados
Elyvilon
Nemelex Xobeh
Ru
Sif Muna
Uskayaw
Vehumet
Xom

Shops:
D:4 [   Orc:2 !([*[

Annotations:
D:3 1 runed translucent door
D:4 1 transporter


Innate Abilities, Weirdness & Mutations

You reflexively headbutt those who attack you in melee.
You have a pair of horns on your head.


Message History

The eight-headed hydra bites you but does no damage.
The eight-headed hydra bites you.
* * * LOW HITPOINT WARNING * * *
The eight-headed hydra bites you but does no damage. x3
The eight-headed hydra barely misses you.
The eight-headed hydra bites you.
* * * LOW HITPOINT WARNING * * *
The eight-headed hydra bites you but does no damage.
You impale the eight-headed hydra!!
You kill the eight-headed hydra!
Trog accepts your kill.
You hit the boulder beetle.
Your headbutt misses the boulder beetle.
The boulder beetle is lightly wounded.
The boulder beetle bites you but does no damage.
Unknown command.
You impale the boulder beetle!!
The boulder beetle is moderately wounded.
The boulder beetle bites you!!
You die... # ♣♣♣.# ..(♣ #. ##♣+♣##♣†..♣# ..# #..>..#.♣ .##.$ +..8..†.♣ YDF

#.[<..#†♣♣♣B# ##♣'♣##♣..@♣
#.♣.♣.#♣((.♣ #♣.♣.♣#.♣♣♣.#
#.♣.♣.#. .# #♣.♣.♣#. .#
#.♣.♣.#♣ ♣# #####♣.♣#####
#### ####
##♣♣...........♣♣#..####..#
P#♣.###########.♣#..P.P...#


You could see a death yak, a boulder beetle, a six-headed hydra and a blink
frog.

Vanquished Creatures
  A stone giant (D:9)
  An ettin (Orc:1)
  Erolcha (Orc:1)
  4 hydras
  A death yak (Lair:3)
  4 orc high priests
  The ghost of Mattiprrivan the Sneak, a novice OpCK of Xom (D:8)
  3 orc knights
  An oklob plant (Lair:1)
  5 orc sorcerers
  A cyclops (Orc:1)
  6 elephants (Lair:2)
  2 black mambas
  5 cane toads
  3 komodo dragons
  3 rime drakes
  2 polar bears (Lair:2)
  8 yaks
  2 wyverns
  Eustachio (D:5)
  11 water moccasins
  3 black bears
  2 sky beasts
  5 ice beasts
  A necrophage (D:10)
  26 orc warriors
  A phantom (D:6)
  10 ogres
  4 centaurs
  5 bullfrogs
  7 big kobolds (D:8)
  Blork the orc (D:4)
  2 gnoll sergeants (D:5)
  4 scorpions
  6 killer bees (D:8)
  2 wights (D:5)
  2 electric eels (D:8)
  3 howler monkeys
  2 centaur zombies
  A quasit (D:10)
  A bullfrog zombie (D:9)
  A gnoll shaman (D:10)
  2 hounds (D:6)
  3 jellies
  13 orc priests
  2 bullfrog skeletons
  A centaur skeleton (D:8)
  3 iguanas
  16 orc wizards
  4 worker ants
  2 ogre zombies (D:4)
  A hound skeleton (D:6)
  8 gnolls
  8 adders
  A shadow imp (D:8)
  3 white imps
  2 ufetubi (D:6)
  An ooze (D:1)
  An adder zombie (D:5)
  2 adder skeletons
  2 worms (D:3)
  A dart slug (D:2)
  3 leopard geckos
  45 orcs
  A ball python (D:7)
  6 bats
  4 giant cockroaches
  9 hobgoblins
  13 jackals
  6 quokkas
  8 frilled lizards
  7 goblins
  5 kobolds
  A leopard gecko zombie (D:5)
  A quokka skeleton (D:4)
  8 rats
  A plant (Lair:1)
349 creatures vanquished.

Vanquished Creatures (collateral kills)
  An orc knight (Orc:1)
  An orc sorcerer (Orc:1)
  An orc warrior (Orc:1)
3 creatures vanquished.

Vanquished Creatures (others)
  A bush (Lair:3)
  8 fungi
  11 plants
20 creatures vanquished.

Grand Total: 372 creatures vanquished

Notes
Turn   | Place    | Note
-------+----------+-------------------------------------------
     0 | D:1      | Almogavar the Minotaur Berserker began the quest for the
                  | Orb.
     0 | D:1      | Reached XP level 1. HP: 19/19 MP: 0/0
   202 | D:1      | Reached XP level 2. HP: 21/27 MP: 1/1
  1036 | D:2      | Reached XP level 3. HP: 29/33 MP: 2/2
  1293 | D:2      | Reached ** piety under Trog
  1529 | D:2      | Reached XP level 4. HP: 14/41 MP: 3/3
  1736 | D:2      | Found a radiant altar of Vehumet.
  2530 | D:3      | Found a runed translucent door.
  2531 | D:3      | Found a white marble altar of Elyvilon.
  2531 | D:3      | Noticed an angel
  2681 | D:3      | Reached skill level 5 in Long Blades
  3100 | D:3      | Reached skill level 5 in Fighting
  3101 | D:3      | Reached XP level 5. HP: 40/48 MP: 4/4
  3372 | D:4      | Reached *** piety under Trog
  3381 | D:4      | Noticed an ogre
  3390 | D:4      | Killed an ogre
  3541 | D:4      | Found a transporter.
  3581 | D:4      | Noticed an ogre
  3585 | D:4      | Killed an ogre
  3586 | D:4      | Reached XP level 6. HP: 33/56 MP: 5/5
  3895 | D:4      | Found a sparkling altar of Nemelex Xobeh.
  3976 | D:4      | Found a transporter.
  4022 | D:4      | Noticed Blork the orc
  4031 | D:4      | Killed Blork the orc
  4047 | D:4      | Found Guhoisof's Antique Armour Shoppe.
  4224 | D:4      | Bought a pair of runed gloves for 150 gold pieces
  4243 | D:4      | Found a snail-covered altar of Cheibriados.
  4243 | D:4      | Found a hide-covered altar of Uskayaw.
  4442 | D:4      | HP: 1/56 [ogre zombie/+0 giant spiked club of venom (13)]
  4445 | D:4      | Reached XP level 7. HP: 25/61 MP: 6/6
  4486 | D:4      | HP: 3/61 [poisoned by an ogre zombie]
  4791 | D:5      | Entered Level 5 of the Dungeon
  4859 | D:5      | Reached skill level 1 in Bows
  4859 | D:5      | Reached skill level 5 in Armour
  4933 | D:5      | Found a staircase to the Ecumenical Temple.
  4972 | D:5      | Reached skill level 2 in Bows
  5173 | D:5      | Noticed Eustachio
  5189 | D:5      | Reached skill level 3 in Bows
  5203 | D:5      | Killed Eustachio
  5204 | D:5      | Reached XP level 8. HP: 68/70 MP: 7/7
  5219 | D:5      | Reached skill level 4 in Bows
  5819 | D:6      | Reached skill level 5 in Bows
  6076 | D:6      | Reached skill level 6 in Bows
  6157 | D:6      | Reached **** piety under Trog
  6709 | D:6      | Reached skill level 1 in Stealth
  6709 | D:6      | Reached XP level 9. HP: 64/78 MP: 8/8
  6955 | D:6      | You fall into a shaft and drop 2 floors!
  6962 | D:8      | Reached skill level 7 in Bows
  7174 | D:7      | Found a flagged portal.
  7191 | Bailey   | Entered a bailey
  7191 | Bailey   | Noticed an orc knight
  7213 | Bailey   | Killed an orc knight
  7214 | Bailey   | Reached skill level 8 in Bows
  7561 | Bailey   | Reached skill level 9 in Bows
  7701 | Bailey   | Reached XP level 10. HP: 79/86 MP: 9/9
  7707 | Bailey   | Got a blackened chain mail
  7725 | Bailey   | Identified the cursed +1 chain mail of Dohec {MP+9 Dex+2}
                  | (You found it in a bailey)
  8593 | D:7      | Found a sacrificial altar of Ru.
  8863 | D:8      | Reached skill level 10 in Bows
  9356 | D:8      | Found a runed translucent gate.
  9356 | D:8      | Found a runed translucent gate.
  9356 | D:8      | Noticed Mattiprrivan's ghost (novice OpCK)
  9357 | D:8      | Found a runed translucent gate.
  9530 | D:8      | Killed Mattiprrivan's ghost
  9545 | D:8      | Reached skill level 11 in Bows
 10154 | D:9      | Reached ***** piety under Trog
 10425 | D:9      | Found a shimmering altar of Xom.
 10730 | D:9      | Noticed a stone giant
 10741 | D:9      | Killed a stone giant
 10742 | D:9      | Reached skill level 10 in Long Blades
 11037 | D:10     | Entered Level 10 of the Dungeon
 11103 | D:10     | Found a staircase to the Orcish Mines.
 11186 | D:10     | Reached XP level 11. HP: 76/95 MP: 10/10
 11292 | D:10     | Found a staircase to the Lair.
 11357 | D:10     | Reached skill level 12 in Bows
 11723 | D:10     | Found a shimmering blue altar of Sif Muna.
 11893 | Orc:1    | Entered Level 1 of the Orcish Mines
 11908 | D:10     | Received a gift from Trog
 11941 | Orc:1    | Noticed an orc sorcerer
 11957 | Orc:1    | Paralysed by an orc sorcerer for 5 turns
 11962 | Orc:1    | Killed an orc sorcerer
 12473 | Orc:1    | Noticed Erolcha
 12480 | Orc:1    | Killed Erolcha
 12487 | Orc:1    | Noticed an orc high priest
 12501 | Orc:1    | Killed an orc high priest
 12516 | Orc:1    | Reached skill level 13 in Bows
 12771 | Orc:1    | Noticed an ettin
 12783 | Orc:1    | Killed an ettin
 13180 | Orc:2    | Entered Level 2 of the Orcish Mines
 13210 | Orc:2    | Found a staircase to the Elven Halls.
 13289 | Orc:2    | Found Ficoyt's Antique Armour Boutique.
 13723 | Orc:2    | Noticed an orc sorcerer
 13728 | Orc:2    | Killed an orc sorcerer
 13763 | Orc:2    | Noticed an orc knight
 13764 | Orc:2    | Noticed an orc sorcerer
 13767 | Orc:2    | Noticed an orc sorcerer
 13776 | Orc:2    | Noticed an orc knight
 13776 | Orc:2    | Noticed an orc sorcerer
 13839 | Orc:1    | Killed an orc knight
 13840 | Orc:1    | Reached skill level 10 in Fighting
 14115 | Orc:2    | Paralysed by an orc sorcerer for 5 turns
 14126 | Orc:1    | Paralysed by an orc sorcerer for 5 turns
 14128 | Orc:1    | Killed an orc knight
 14129 | Orc:1    | Killed an orc sorcerer
 14441 | Orc:2    | Killed an orc sorcerer
 14448 | Orc:2    | Killed an orc sorcerer
 14449 | Orc:2    | Reached XP level 12. HP: 67/106 MP: 11/11
 14757 | Orc:2    | Noticed an orc high priest
 14765 | Orc:2    | Killed an orc high priest
 14838 | Orc:2    | Reached skill level 14 in Bows
 14847 | Orc:2    | Noticed an orc high priest
 14853 | Orc:2    | Noticed an orc high priest
 14861 | Orc:2    | Killed an orc high priest
 14870 | Orc:2    | Killed an orc high priest
 14950 | Orc:2    | Found Azausenn's General Store.
 14950 | Orc:2    | Found Etite's Distillery.
 14952 | Orc:2    | Found Yrhux's Antique Armour Boutique.
 14952 | Orc:2    | Found Orruj's Antique Weapon Boutique.
 15449 | Lair:1   | Entered Level 1 of the Lair of Beasts
 15934 | Lair:1   | Reached skill level 10 in Armour
 16340 | Lair:1   | Noticed a seven-headed hydra
 16354 | Lair:1   | Killed a seven-headed hydra
 17427 | Lair:2   | Reached skill level 5 in Dodging
 17834 | Lair:3   | Noticed a seven-headed hydra
 17844 | Lair:3   | Killed a seven-headed hydra
 18202 | Lair:3   | Reached XP level 13. HP: 104/118 MP: 12/12
 18329 | Lair:3   | Slain by a boulder beetle

Illustrated notes

Levels and vault maps discovered:
D:1:      minmay_arrival_diagonal_passages, layout_basic
D:2:      layout_loops_corners, vehumet_crystals
D:3:      layout_basic, minmay_misc_feat_rows, lemuel_angel_altar
D:4:      gammafunk_cloud_chamber, layout_basic, overflow_temple_1_default,
          gammafunk_temple_overflow_elements, serial_shops, shop,
          minmay_surrounded, uniq_blork_the_orc
D:5:      layout_basic, minmay_temple_entry_statues_fountains,
          minmay_liquid_box, sword_in_stone
D:6:      layout_basic
D:7:      layout_basic, enter_bailey_3, nicolae_ru_path_of_blood
D:8:      layout_rooms, gammafunk_ghost_nasty_kobolds, kennysheep_generic_room_2
D:9:      layout_irregular_city, kennysheep_mini_moat, kennysheep_just_a_vault
D:10:     layout_loops_ring, lair_entry_dummy, orc_0_dummy, tgw_sif
Lair:1:   layout_loops_ring, minmay_lair_oklob_chamber, serial_bayou_shore_b
Lair:2:   layout_chaotic_city, grunt_megastairs_2
Lair:3:   nzn_winding_woodlands_stair_cross
          [nzn_winding_woodlands_5x15_longhouse,
          nzn_winding_woodlands_center_pierced_h,
          nzn_winding_woodlands_5x15_zeroes,
          nzn_winding_woodlands_5x5_checkerboard,
          nzn_winding_woodlands_5x5_closed_star,
          nzn_winding_woodlands_5x15_sawtooth,
          nzn_winding_woodlands_center_triple_pond,
          nzn_winding_woodlands_5x15_river_crossing], layout_layer_cave,
          palyth_hydra_swamp_entry, roderic_carrion_pond
Orc:1:    layout_diamond_mine, uniq_erolcha
Orc:2:    st_orc_elflike, layout_diamond_mine, serial_shops,
          nicolae_shop_crystal

Skill      XL: |  1  2  3  4  5  6  7  8  9 10 11 12 13 |
---------------+----------------------------------------+-----
Long Blades    | 4 5 6 7 8 9 10 11 12 | 12.4
Fighting       | 4 5 6 7 8 10 12 | 12.5
Dodging        | 3 4 5 |  5.2
Armour         | 3 4 5 6 7 8 9 10 11 | 11.2
Bows           | 3 6 9 11 13 14 | 14.7
Stealth        | 1 |  1.3
Maces & Flails | |  0.8
Slings         | |  0.6

Action                   |  1- 3 |  4- 6 |  7- 9 | 10-12 | 13-15 || total
-------------------------+-------+-------+-------+-------+-------++-------
Melee: Falchion          |    73 |   116 |   166 |       |       ||   355
       Headbutt          |    12 |    22 |    26 |    77 |    12 ||   149
       Demon blade       |       |       |     8 |   248 |    15 ||   271
       Dire flail        |       |       |       |     1 |    10 ||    11
 Fire: Hunting sling     |       |     7 |       |       |       ||     7
       Shortbow          |       |       |   128 |   391 |    13 ||   532
Invok: Berserk           |       |     1 |     3 |     8 |     1 ||    13
       Trog's Hand       |       |       |     1 |       |       ||     1
       Brothers in Arms  |       |       |       |     1 |       ||     1
  Use: Scroll            |     1 |     9 |     5 |    12 |       ||    27
       Potion            |       |     1 |     2 |       |       ||     3
 Stab: Sleeping          |     1 |       |       |       |       ||     1
Armor: Animal skin       |    10 |     4 |       |       |       ||    14
       Ring mail         |       |     8 |       |       |       ||     8
       Scale mail        |       |    10 |       |       |       ||    10
       Chain mail        |       |       |   124 |   127 |    41 ||   292
Dodge: Dodged            |    49 |    71 |   109 |   121 |    30 ||   380
       Rpst.: Falchion   |    14 |    21 |    21 |       |       ||    56
       Demon blade       |       |       |     1 |    22 |     2 ||    25
